[Event "1st Serbian League 2022"]
[Site "Vrnjacka Banja"]
[Date "2022.09.29"]
[Round "10.11"]
[White "Strikovic, Aleksa"]
[Black "Radusinovic, Lazar"]
[Result "0-1"]
[ECO "A25"]
[WhiteElo "2491"]
[BlackElo "2308"]
[Annotator "TA"]
[PlyCount "86"]
[EventDate "2022.09.20"]
[EventType "team-tourn"]
[EventCountry "SRB"]
[SourceTitle "playchess.com"]
[Source "ChessBase"]
[SourceQuality "1"]
[TimeControl "40/5400+30:1800+30"]

1. c4 e5 2. g3 Nc6 3. Bg2 d6 4. Nc3 Be6 5. d3 Qd7 6. Rb1 Be7 {[%emt 0:00:36] A25: English Opening vs King's Indian with ...Nc6 but without early d3.} 7. b4 Nf6 8. Nd5 O-O {[%emt 0:01:25] White is slightly better.} 9. b5 Nd8 10. Qa4 {[%emt 0:02:33] [#]} h6 $146 ({Predecessor:} 10... Bxd5 11. cxd5 a5 12. Bh3 Qe8 13. Qc4 c6 14. e4 cxd5 15. exd5 Nd7 16. Bf5 Kh8 {1-0 (44) Asendorf,J-Semmler,G Germany 1991}) 11. Ba3 a6 12. Nxe7+ Qxe7 13. Nf3 e4 ({Better is} 13... Bd7 $17 14. e3 e4) 14. dxe4 $11 Nxe4 {[%emt 0:00:41] ...Nc3 is the strong threat.} 15. Rb3 {[%emt 0:00:08] Against Nc3} Qf6 {[%emt 0:06:21] And now ...Qa1+ would win.} 16. Bb2 {[%emt 0:05:25] Against Qa1+} Nc5 17. Qa3 (17. Bxf6 $15 Nxa4 18. Bxd8 Raxd8 19. bxa6 bxa6 20. Nd2) 17... Qg6 $17 {[%emt 0:02:12] Black is more active.} 18. Rc3 $2 {[%emt 0:00:02] [#] Loses the game.} (18. O-O $17) 18... axb5 $1 $19 19. Qxa8 Nc6 {[%emt 0:00:32] Pair of Knights!} 20. Qxf8+ ({Wrong is} 20. Qa3 $2 b4 21. O-O bxa3 $19) 20... Kxf8 21. O-O bxc4 22. Ra3 {[%emt 0:03:53] Prevents Na4.} Kg8 23. Rc1 Qh5 24. h3 Na6 25. g4 Qb5 26. Bc3 Qc5 27. Ra4 d5 28. e3 Qf8 {[%emt 0:03:38] Threatens to win with ...Nc5.} 29. Bb2 Nab4 30. Ne1 Qc8 31. Bc3 Na6 {[%emt 0:00:49] Strongly threatening ...b5.} 32. Rb1 Nc5 33. Ra3 h5 34. f3 f5 {[%emt 0:05:41] Black is clearly winning.} 35. Bd4 Qf8 36. Rc3 f4 {[%emt 0:00:47] Hoping for ...fxe3.} 37. Nc2 fxe3 38. Bxe3 Qf6 39. Ra3 d4 40. Bf2 Qg6 41. Rb5 Qxc2 42. Ra8+ Kf7 {[%emt 0:00:05][%cal Od4d3] aiming for ...d3!} 43. Rxc5 d3 {[%emt 0:00:15] Weighted Error Value: White=0.58/Black=0.12 (very precise)} 0-1

[Event "1st Serbian League 2022"]
[Site "Vrnjacka Banja"]
[Date "2022.09.29"]
[Round "10.12"]
[White "Todorovic, Goran N"]
[Black "Perunovic, Miodrag"]
[Result "0-1"]
[ECO "E90"]
[WhiteElo "2305"]
[BlackElo "2413"]
[Annotator "TA"]
[PlyCount "80"]
[EventDate "2022.09.20"]
[EventType "team-tourn"]
[EventCountry "SRB"]
[SourceTitle "playchess.com"]
[Source "ChessBase"]
[SourceQuality "1"]
[TimeControl "40/5400+30:1800+30"]

1. Nf3 Nf6 2. c4 g6 3. Nc3 Bg7 4. e4 d6 5. d4 O-O 6. h3 e5 7. d5 Nh5 8. Nh2 Qe8 9. Be2 Nf4 10. Bf3 f5 11. g3 {[%emt 0:01:53] E90: King's Indian: Classical: Early deviations and 6 h3.} Nxh3 12. Bg2 $1 fxe4 13. Be3 {[%emt 0:02:52] The position is equal.} g5 (13... Na6 $5 ) 14. Nxe4 Qg6 15. Nc3 {[%emt 0:40:18] [#]} Bf5 $146 {[%emt 0:10:00][%cal Oh3f4] Threatens to win with ...Nf4!} ({Predecessor:} 15... h5 16. Nf3 Bg4 17. Rxh3 e4 18. Qc2 Bxh3 19. Bxh3 Bxc3+ 20. Qxc3 Rxf3 21. Be6+ Kh7 {0-1 (39) Koshevoy,S (2294)-Arslanov,S (2192) Moscow 2007}) 16. Nf3 Bc2 (16... e4 $11 17. Nd4 Bxd4 18. Qxd4 (18. Bxd4 g4 $15) 18... g4) 17. Qd2 $16 Nf4 ({Weaker is} 17... g4 18. Nh4 Qd3 19. Rc1 Qxd2+ 20. Kxd2 $16) 18. gxf4 (18. Bf1 $16) 18... gxf4 $11 19. Nh4 fxe3 20. Qxe3 Qd3 (20... Qh6 $1 $11) 21. Be4 $36 {[%emt 0:00:23][%mdl 2048] Black is under pressure.} Qxe3+ 22. fxe3 Bxe4 23. Nxe4 Nd7 24. Ke2 {[%emt 0:02:12][%mdl 1024] White has compensation.} h6 25. Rag1 Rf7 $1 26. Rg2 a6 (26... a5 $11) 27. Rhg1 $16 {[%emt 0:00:15][%cal Oh4f5] Nf5! is the strong threat.} Kh7 {[%emt 0:00:11] [#]} 28. Nf5 $1 {[%emt 0:00:29][%cal Rg2g7] Pair of Knights!} Bf8 29. Ng5+ hxg5 $17 30. Rxg5 {[%emt 0:00:12] Intending Rh1+ and mate.} Bh6 31. Rh5 {[%emt 0:00:15][%csl Gf5][%cal Rh5h6] [#]} Rxf5 $1 32. Rxf5 {[%emt 0:00:07] Hoping for Rf7+.} Rf8 {[%emt 0:00:08] Inhibits Rf7+.} 33. Rxf8 Bxf8 34. Kf3 Nf6 35. Rg2 Bh6 36. b4 $2 {[%emt 0:00:24][%mdl 8192] [#] This move loses the game for White.} (36. e4 $17) 36... e4+ $1 $19 37. Ke2 b5 38. cxb5 (38. Rg1 $142) 38... axb5 {[%emt 0:00:02] Black is clearly winning.} 39. Rg1 Nxd5 40. Rc1 (40. Rg4 $142) 40... Bxe3 {[%emt 0:00:57] Weighted Error Value: White=0.53/Black=0.14 (very precise)} 0-1

[Event "1st Serbian League 2022"]
[Site "Vrnjacka Banja"]
[Date "2022.09.29"]
[Round "10.13"]
[White "Yilmazyerli, Mert"]
[Black "Ioannidis, Evgenios"]
[Result "0-1"]
[ECO "D73"]
[WhiteElo "2533"]
[BlackElo "2486"]
[Annotator "TA"]
[PlyCount "66"]
[EventDate "2022.09.20"]
[EventType "team-tourn"]
[EventCountry "SRB"]
[SourceTitle "playchess.com"]
[Source "ChessBase"]
[SourceQuality "1"]
[TimeControl "40/5400+30:1800+30"]

1. Nf3 d5 2. g3 g6 3. Bg2 Bg7 4. d4 c6 5. O-O Nf6 6. c4 dxc4 {[%emt 0:01:03] D73: Fianchetto Grünfeld: 5 Nf3 .} 7. a4 Ne4 8. Qc2 Nd6 {[%emt 0:00:05] The position is equal.} 9. e4 {[%emt 0:00:04] Inhibits Bf5.} Na6 10. Na3 Be6 11. Bd2 {[%emt 0:12:32][%mdl 1024] White has compensation.} O-O 12. Bc3 {[%emt 0:00:14] [#]} Bh6 $146 ({Predecessor:} 12... Nc7 13. Qe2 Qc8 14. Rfd1 Rd8 15. Ne5 f6 16. Nexc4 Nf7 17. Ne3 Bb3 18. Nac2 e5 {1-0 (42) Keymer,V (2491)-Arakhamia Grant,K (2345) Douglas 2018}) 13. Qe2 Nc7 14. Ne5 f5 15. d5 cxd5 16. exd5 Bxd5 17. Rad1 e6 18. Naxc4 Re8 19. Ne3 (19. Rfe1 $14) 19... Bxg2 $1 $15 20. Kxg2 {[%emt 0:00:49][%cal Oe5g4] [#] Black must now prevent N5g4!} Bxe3 21. Qxe3 Nd5 22. Rxd5 exd5 23. Qd4 {[%emt 0:00:02] Inhibits Nc4.} Qf6 {[%emt 0:09:00] ...Ne4 is the strong threat.} 24. Qxd5+ Qe6 25. Qd4 {[%emt 0:00:05] White threatens Nf3 and mate.} Ne4 $1 26. Ng4 Nxc3 27. Nh6+ $2 {[%emt 0:02:12] White does not recover from this.} (27. Nf6+ $17 Kf7 28. Nxe8 Qe4+ 29. Qxe4 Nxe4 30. Nc7) 27... Kf8 $19 28. Qh8+ Ke7 29. Qg7+ Kd6 {[%emt 0:03:44] Hoping for ...Qd5+.} 30. Qxc3 {[%emt 0:06:06] And now Rd1+ would win.} Qd5+ 31. Kg1 Rac8 {[%emt 0:02:26] Black is winning.} 32. Nf7+ {[%emt 0:01:18] [#]} Kd7 $1 ({Weaker is} 32... Qxf7 33. Rd1+ Ke6 34. Re1+ Kd7 35. Rd1+ Ke7 36. Qe5+ Qe6 37. Qg7+ Qf7 38. Qe5+ Qe6 39. Qg7+ Qf7 40. Qe5+ $11) 33. Qa3 Kc7 {[%emt 0:00:39] Weighted Error Value: White=0.28 (precise) /Black=0.05 (flawless)} 0-1

[Event "1st Serbian League 2022"]
[Site "Vrnjacka Banja"]
[Date "2022.09.29"]
[Round "10.14"]
[White "Damljanovic, Branko"]
[Black "Gokerkan, Cem Kaan"]
[Result "1/2-1/2"]
[ECO "B91"]
[WhiteElo "2436"]
[BlackElo "2465"]
[Annotator "TA"]
[PlyCount "58"]
[EventDate "2022.09.20"]
[EventType "team-tourn"]
[EventCountry "SRB"]
[SourceTitle "playchess.com"]
[Source "ChessBase"]
[SourceQuality "1"]
[TimeControl "40/5400+30:1800+30"]

1. e4 c5 2. Nf3 d6 3. d4 cxd4 4. Nxd4 Nf6 5. Nc3 a6 6. g3 e5 7. Nb3 Be6 8. Bg2 {[%emt 0:00:18] B91: Sicilian Najdorf: 6 g3.} b5 9. a4 b4 $1 10. Nd5 {[%emt 0:00:38] White has an edge.} a5 11. O-O {[%emt 0:03:06] [#]} Be7 $146 ({Predecessor:} 11... Nbd7 12. Qd3 Bxd5 13. exd5 Be7 14. Bd2 O-O 15. c3 bxc3 16. Qxc3 Nb6 17. Qc6 Rc8 {1-0 (40) Stankovic,M (2415)-Arandjelovic,A (2068) Kraljevo 2014}) 12. Bd2 Nc6 13. c3 Rb8 14. Rb1 O-O 15. Qe2 bxc3 16. bxc3 Qd7 17. Qa6 {[%emt 0:37:30][%cal Oa6c6] [#] Strongly threatening Qxc6!} Rfc8 {[%emt 0:01:21] The position is equal.} 18. Nxa5 ({Not} 18. Nb6 $2 {[#]} Rxb6 $1 19. Qxb6 Rb8 $19) 18... Ra8 19. Nxc6 $1 Rxa6 20. Ncxe7+ {[%emt 0:01:03] Pair of Knights!} Kf8 {[%emt 0:04:45] White must now prevent ...Re8.} 21. Nxc8 Qxc8 22. Rb4 $1 Bxd5 23. exd5 Ra8 24. Rfb1 Qf5 25. Rb8+ Rxb8 26. Rxb8+ Ke7 {[%emt 0:00:09] Hoping for ...Ng4.} 27. Rb7+ Kf8 28. Rb8+ Ke7 29. Rb7+ Kf8 {[%emt 0:05:02] Weighted Error Value: White=0.06 (flawless) /Black=0.04 (flawless)} 1/2-1/2

[Event "1st Serbian League 2022"]
[Site "Vrnjacka Banja"]
[Date "2022.09.29"]
[Round "10.15"]
[White "Arsovic, Goran"]
[Black "Tadic, Branko"]
[Result "1/2-1/2"]
[ECO "A39"]
[WhiteElo "2362"]
[BlackElo "2455"]
[Annotator "TA"]
[PlyCount "21"]
[EventDate "2022.09.20"]
[EventType "team-tourn"]
[EventCountry "SRB"]
[SourceTitle "playchess.com"]
[Source "ChessBase"]
[SourceQuality "1"]
[TimeControl "40/5400+30:1800+30"]

1. d4 Nf6 2. Nf3 g6 3. c4 Bg7 4. g3 O-O 5. Bg2 c5 6. Nc3 cxd4 7. Nxd4 Nc6 8. O-O Qa5 9. e3 $1 {[%emt 0:01:12][%mdl 4] White is slightly better. now scores much better than the old 9.Nb3.} d6 {[%emt 0:00:08] A39: Symmetrical English vs ...g6: 4 Bg2 Bg7 5 Nf3 Nf6 6 0-0 0-0 7 d4.} 10. Bd2 Bd7 {[%emt 0:00:13] [#]} 11. Bc1 $146 {[%emt 1:30:10] Weighted Error Value: White=0.00 (flawless) /Black=0.00 (flawless)} ({White should try} 11. Rc1 $14) ({Predecessor:} 11. b3 Rfc8 12. Rc1 Qd8 13. h3 h5 14. Qe2 Rab8 15. Rfd1 a6 16. Nxc6 Bxc6 17. e4 {0-1 (87) Oparin,G (2681)-Duda,J (2760) Warsaw 2021}) 1/2-1/2

[Event "1st Serbian League 2022"]
[Site "Vrnjacka Banja"]
[Date "2022.09.29"]
[Round "10.16"]
[White "Nikolovski, Nikola"]
[Black "Ristic, Nenad"]
[Result "1-0"]
[ECO "B13"]
[WhiteElo "2359"]
[BlackElo "2267"]
[Annotator "TA"]
[PlyCount "133"]
[EventDate "2022.09.20"]
[EventType "team-tourn"]
[EventCountry "SRB"]
[SourceTitle "playchess.com"]
[Source "ChessBase"]
[SourceQuality "1"]
[TimeControl "40/5400+30:1800+30"]

1. e4 c6 2. d4 d5 3. exd5 cxd5 4. Bd3 Nc6 5. c3 Nf6 6. Bf4 Bg4 7. Qb3 e5 {[%emt 0:00:20] B13: Caro-Kann: Exchange Variation and Panov-Botvinnik Attack.} 8. dxe5 {[%emt 0:06:57] 8.h3 gains popularity.} Nh5 9. Be3 {[%emt 0:00:08] aiming for Nf3.} Nxe5 {[%emt 0:01:38] The position is equal.} 10. Bb5+ Nc6 11. Be2 Bxe2 12. Nxe2 Qd7 13. Nd2 Nf6 14. Nf3 Bd6 15. O-O O-O {[%emt 0:00:50] [#]} 16. Bg5 $146 ({Predecessor:} 16. Rad1 Rfe8 17. Ng3 h6 18. Rd3 Ne5 19. Nxe5 Bxe5 20. f4 Bc7 21. Bd4 Bb6 22. Bxb6 axb6 {1-0 (40) Shahinyan,D (2445)-Chkhaidze,N (2330) Poti 2019}) 16... Rfe8 17. Ned4 Ne4 18. Rad1 h6 19. Be3 Rad8 20. Rfe1 Bb8 21. Qc2 Na5 22. Nd2 Qd6 23. Nf1 Nc4 24. Bc1 Qa6 25. a3 Qb6 26. Nf5 a6 27. N5e3 Nxe3 28. Bxe3 Qc6 29. Bd4 b5 30. Re3 Re6 31. Rde1 Rde8 32. Qd1 Bc7 33. Qg4 Rg6 34. Qh5 Ree6 35. Qh3 (35. R3e2 $11) 35... Bb6 $1 $15 36. Bxb6 Qxb6 37. R1e2 a5 (37... Rgf6 $1 $17) 38. g3 Qc6 39. Qg2 (39. f3 $11 Ng5 40. Qg2) 39... Qc5 (39... f5 $5 40. f3 f4 $17) 40. Kh1 b4 41. axb4 axb4 42. f3 {[%emt 0:01:08] [#]} (42. cxb4 $15 Qxb4 43. f3) 42... Nd6 $2 (42... bxc3 43. fxe4 d4 44. Rf3 $18) (42... Nxc3 $1 $19 43. Rxe6 Rxe6 44. Rxe6 fxe6) 43. Qf2 $11 Qb5 44. Kg2 Rgf6 45. Qe1 bxc3 46. bxc3 Qe8 47. Qd1 Nc4 48. Rxe6 Rxe6 (48... fxe6 49. Qxd5 exd5 50. Rxe8+ Kf7 51. Rd8 $16) 49. Kf2 Qb5 50. Ne3 Nb2 51. Qc2 Nd3+ 52. Kg2 Qa6 53. Qd2 Rb6 54. Qa2 {[%emt 0:01:36] Inhibits Rb2.} Ne1+ 55. Kf2 Nd3+ 56. Kg2 Ne1+ 57. Kf2 Nd3+ 58. Kg2 Qb5 {[%emt 0:01:13] ...Nc1 is the strong threat.} 59. Nxd5 Ra6 60. Ne7+ Kf8 61. Qd2 {[%emt 0:01:17] Prevents Ne1+.} Rd6 {[%emt 0:00:18][%cal Od3f4] Hoping for ...Nf4+!} 62. Qc2 Rd7 (62... Rd8 $11 {keeps the balance.}) 63. c4 $16 Qb4 {[%emt 0:00:14] [#] Threatens to win with ...Ne1+.} 64. Kh3 $40 {[%emt 0:00:31][%mdl 128] White is up to no good.} (64. Qa2 $1 $16 {Intending Qa8+ and mate.} Ne5 65. Nd5) 64... Nc1 $2 (64... Qa3 $14 65. Nd5 Rxd5 66. cxd5 Nf4+ 67. Kg4 (67. gxf4 {gets mated.} Qxf3+ 68. Kh4 Qxf4+ 69. Kh3 Qf3+ 70. Kh4 g5#) 67... Nxe2 68. Qxe2 Qc5) 65. Nd5 $2 (65. Nc6 $18 {is the precise move to win. White wants to mate with Qh7.} Nxe2 66. Nxb4) 65... Qc5 $2 {[%emt 0:00:27][%mdl 8192] [#]} (65... Rxd5 $16 66. cxd5 (66. Qxc1 Rh5+ 67. Kg2 Rc5 $16) 66... Nxe2) 66. Qh7 $1 f6 67. Qh8+ {[%emt 0:00:11] Weighted Error Value: White=0.12 (very precise) /Black=0.10 (very precise)} 1-0

[Event "1st Serbian League 2022"]
[Site "Vrnjacka Banja"]
[Date "2022.09.29"]
[Round "10.17"]
[White "Rajkovic, Mladen"]
[Black "Zlatanovic, Boroljub"]
[Result "1-0"]
[ECO "C04"]
[WhiteElo "2335"]
[BlackElo "2313"]
[Annotator "TA"]
[PlyCount "147"]
[EventDate "2022.09.20"]
[EventType "team-tourn"]
[EventCountry "SRB"]
[SourceTitle "playchess.com"]
[Source "ChessBase"]
[SourceQuality "1"]
[TimeControl "40/5400+30:1800+30"]

1. e4 e6 2. d4 d5 3. Nd2 Nc6 4. Ngf3 Nf6 5. e5 Nd7 6. Bd3 Nb4 7. Be2 c5 8. c3 Nc6 9. O-O a5 {[%emt 0:00:58] C04: French Tarrasch: 3...Nc6.} 10. a4 Be7 11. Bd3 cxd4 {[%emt 0:00:34] The position is equal. 11...b6 gains popularity.} 12. cxd4 Nb4 13. Bb1 b6 14. Re1 Ba6 15. Nf1 Rc8 {[%emt 0:01:07] [#]} 16. Ne3 $146 ({Predecessor:} 16. Ra3 b5 17. h4 h6 18. Ng3 bxa4 19. Nh2 Qb6 20. Rf3 h5 21. Be3 g6 22. Rf4 Rf8 23. Rxf7 Rxf7 24. Bxg6 {1-0 (44) Guseinov,G (2645)-Swayams,M (2440) Porticcio 2017}) 16... b5 17. h4 bxa4 (17... Bxh4 18. Nxh4 Qxh4 19. axb5 Bxb5 20. Rxa5 $14) 18. Ng5 Bxg5 19. hxg5 Qxg5 $2 {[%emt 0:00:57][%mdl 8192] [#]} (19... Bb5 $14) 20. Nc4 $1 $18 Qh4 $2 (20... Qxc1 21. Qxc1 Rxc4) 21. g3 Qh3 22. Nd6+ Ke7 23. Nxc8+ Rxc8 24. Rxa4 {[%emt 0:01:31] The board is on fire.} (24. Qxa4 Nc6 $16) 24... Nc6 25. Bd3 ({Less strong is} 25. Qf3 Bb5 $16) 25... Bxd3 26. Qxd3 {[%emt 0:00:01] Qa6 is the strong threat.} Nb6 $2 (26... Qf5 27. Qa6 Rc7) 27. Qa6 Rb8 28. Qb5 Kd7 29. Rxa5 {[%emt 0:01:39] Intending Ra7+ and mate.} Nc8 {[%emt 0:00:41] Prevents Ra7+.} 30. Qa4 (30. Qc5 $142 {aiming for Ra6.} Nxa5 31. Qxa5) 30... Rb4 31. Qa3 {[%emt 0:01:45] And now Bd2 would win.} Nxd4 32. Qd3 $2 ({Not} 32. Ra7+ Nxa7 33. Qxa7+ Ke8 $11) (32. Bd2 $18 Rc4 33. Re3) 32... Qg4 $14 {[%emt 0:13:44] Strongly threatening ...Nf3+.} 33. Ra3 (33. Kg2 $1 $14 Rb3 34. Qd1 Qxd1 35. Rxd1) 33... Rc4 $36 {[%emt 0:01:29][%mdl 2048] Black has the initiative.} 34. Qd1 (34. Bd2 $11 {remains equal.}) 34... Nc2 {[%emt 0:03:23] Pair of Knights!} 35. Rb3 Nxe1 36. Qxe1 Qe4 37. Be3 d4 38. Qd2 ({White should play} 38. Qd1 $1 $15) 38... Qc2 $2 ({Weaker is} 38... Qxe5 39. Rd3 Ne7 40. Bxd4 $11) (38... Kc6 $19 39. Bf4 Qc2) 39. Qxc2 Rxc2 40. Bxd4 {[%emt 0:00:01][%mdl 4096] Endgame KRB-KRN} Rc4 41. Be3 Ne7 42. Kf1 Nd5 43. Rd3 Kc6 44. Bd4 Nb4 45. Rd1 h5 46. Ke2 g5 47. b3 Rc2+ 48. Kf3 Nd5 49. Rh1 Rd2 50. Ke4 h4 51. gxh4 gxh4 52. Rxh4 Ne7 53. Rh3 Nf5 54. Rc3+ Kb5 55. Bc5 Rd8 56. b4 Rh8 57. Kf4 Rh5 58. Kg4 Rh6 59. Rh3 {[%emt 0:00:00] Threatens to win with Rxh6.} Rg6+ 60. Kf4 Rg7 {[%emt 0:00:24] Prevents Rh7.} 61. Rh8 Kc6 62. Rc8+ Kb7 63. Rd8 {[%emt 0:00:00] Hoping for b5. White is more active.} Nh4 $2 (63... Kc6 $16 {is more resistant.}) 64. b5 $18 Ng2+ {[%emt 0:05:27] [#]} 65. Kf3 $1 Nh4+ 66. Ke4 {[%emt 0:00:00] Black must now prevent b6.} Ng6 (66... Rg1 $142 67. Rd7+ Kc8 68. Rxf7 Re1+ 69. Be3 Nf5 70. Rf8+ Kd7) 67. Rd7+ Kb8 68. Bd6+ {[%emt 0:00:00] White mates.} Ka8 69. Rc7 Rh7 70. b6 Rh4+ 71. Ke3 Ra4 72. b7+ Ka7 73. b8=Q+ Kxb8 74. Rc4+ $1 {[%emt 0:00:03] Weighted Error Value: White=0.39/Black=0.29 (precise)} 1-0

[Event "1st Serbian League 2022"]
[Site "Vrnjacka Banja"]
[Date "2022.09.29"]
[Round "10.18"]
[White "Radlovacki, Jovan"]
[Black "Mijailovic, Zoran"]
[Result "1-0"]
[ECO "B40"]
[WhiteElo "2287"]
[BlackElo "2345"]
[Annotator "TA"]
[PlyCount "143"]
[EventDate "2022.09.20"]
[EventType "team-tourn"]
[EventCountry "SRB"]
[SourceTitle "playchess.com"]
[Source "ChessBase"]
[SourceQuality "1"]
[TimeControl "40/5400+30:1800+30"]

1. e4 c5 2. Nf3 e6 3. c3 Nf6 4. Bd3 d5 5. e5 Nfd7 6. Bc2 {[%emt 0:01:10] B40: Sicilian: 2...e6, Unusual lines.} c4 7. d4 cxd3 $1 8. Bxd3 {[%emt 0:04:48] The position is equal.} Nc6 9. Bf4 Be7 10. Qe2 Nc5 {[%emt 0:10:10] [#]} 11. Bc2 $146 ({Predecessor:} 11. O-O Nxd3 12. Qxd3 g5 13. Bg3 h5 14. h3 Bd7 15. Na3 Qb6 16. Rad1 O-O-O 17. Nb5 {0-1 (24) Cubas,J (2425)-Barbosa,E (2461) Barretos 2015}) 11... d4 12. Qd2 d3 13. Bd1 Qd5 14. O-O g5 (14... a5 $11) 15. Bxg5 ({White should try} 15. c4 $16 Qxc4 16. Bxg5) 15... Ne4 $11 (15... Nxe5 16. Bxe7 Kxe7 17. Re1 Nxf3+ 18. Bxf3 $16) 16. Qf4 Nxg5 17. Nxg5 Nxe5 {[%emt 0:03:11] Strongly threatening ...Bxg5.} 18. Nd2 {[%emt 0:06:27] Black must now prevent Bb3.} Rg8 19. Ngf3 {[%emt 0:00:47] Dancing on a razor blade. Pair of Knights!} (19. Bb3 $5 Bxg5 20. Qxg5 Nf3+ 21. Nxf3 Rxg5 22. Bxd5 Rxd5 23. Rad1 $11) 19... Ng6 20. Qe3 Bd7 21. Bb3 Qh5 22. Ne4 (22. Qxd3 $2 Nf4 23. Qe4 Qh3 $1 $19) 22... Nh4 23. Nxh4 Qxh4 24. Ng3 Bc6 25. Rad1 O-O-O 26. Rxd3 Rxd3 27. Qxd3 Bc5 28. Bc4 h5 (28... Qf4 $11 29. Qxh7 Rxg3 30. hxg3 Qxc4) 29. Bb5 (29. b4 $1 $16 Rd8 30. Qe2) 29... Bxb5 $1 30. Qxb5 Qg5 {[%emt 0:00:06][%cal Oc5f2] ...Bxf2+! is the strong threat.} 31. Qc4 {[%emt 0:01:10] Threatens to win with b4.} b5 (31... h4 $11 {remains equal.} 32. b4 hxg3 33. hxg3 (33. Qxc5+ Qxc5 34. bxc5 gxh2+ 35. Kxh2 Rg5 $15) 33... b5 34. Qxc5+ Qxc5 35. bxc5 Rg5) 32. Qe4 $36 {[%emt 0:00:12][%mdl 2048] White has strong initiative.} Kb8 (32... h4 $16) 33. Qf3 (33. Rd1 $1 $18 {[%cal Rd1d7] is more deadly. aiming for Rd7.} Rc8 34. Qe2 (34. Rd7 Rc7 $16)) 33... Bb6 $2 (33... Qg4 $16) 34. Ne4 ({And not} 34. Qxf7 h4 35. Qxe6 hxg3 36. hxg3 Rh8 $15) ({Not} 34. Qxh5 Qxh5 35. Nxh5 Rd8 $16) (34. Nxh5 $18 {is the precise move to win.} Qg4 35. Qxg4 Rxg4 36. Nf6) 34... Qg4 35. Qxg4 hxg4 {[%emt 0:00:03][%mdl 4096] Endgame KRB-KRN} 36. Rd1 f5 37. Nf6 Rd8 (37... Rg6 $16) 38. Rxd8+ $1 $18 Bxd8 {[%emt 0:00:01] KB-KN} 39. Nd7+ (39. Ne8 $18) 39... Kc8 $16 40. Nc5 (40. Nf8 $142 $1 ) 40... e5 41. Kf1 Bf6 42. f3 gxf3 43. gxf3 Kc7 44. Ke2 Kd6 45. Nd3 a5 {[%emt 0:00:00] Against Nb4} (45... e4 $16) 46. Ne1 $1 $18 Bg5 47. Nc2 (47. Ng2 $18) 47... Bc1 $2 (47... Kd5 $16) 48. b3 Bg5 49. Kd3 Kd5 50. Ne3+ Ke6 51. c4 bxc4+ 52. Nxc4 Bd8 53. Ne3 Bg5 (53... Bf6 $142 54. Ng2 Kd5 55. Ne3+ Ke6) 54. Nf1 (54. Ng2 $142 {And now h4 would win.} Kd5 55. h4 e4+ 56. Ke2 exf3+ 57. Kxf3) 54... Kd5 55. Ng3 {[%emt 0:00:00] Prevents e4+.} ({White should play} 55. Ke2 $1 $18) 55... Bf4 $16 56. Nxf5 Bxh2 57. Ne3+ Kc5 58. a3 Kb5 $2 (58... Bf4 $14) 59. Nc4 $2 (59. Ke4 $1 $18 {and the rest is easy.}) 59... a4 $2 (59... Bf4 $16 60. Kc3 (60. Ke4 a4 $11) 60... Bg3 61. Nd6+ Kc6) 60. b4 $1 $18 {[%emt 0:00:00][%cal Bb3b4,Bb4b5][%mdl 32] Hoping for Nd6+.} Bg3 61. Nd6+ Kc6 62. Ne4 Bf4 63. Kc4 Bc1 64. b5+ $1 Kb6 65. Kb4 Bxa3+ 66. Kxa3 Kxb5 {[%emt 0:00:00] [#] KN-KPP} 67. Ng5 $2 (67. Nf2 $1 {mates} Kc5 68. Kxa4 Kd4 69. Ng4 Kc5 70. Nxe5 Kd5 71. Nd3 Kd4 {[#]} 72. f4 $1) 67... Kc4 $2 (67... Kc5 $11) 68. Kxa4 {[%emt 0:00:07] White mates.} Kd4 69. Kb4 Ke3 70. Kc4 Kf4 {[%emt 0:00:08] [#]} 71. Kd5 $1 Kf5 72. Nh3 {[%emt 0:00:00] Weighted Error Value: White=0.30/Black=0.32} 1-0

[Event "1st Serbian League 2022"]
[Site "Vrnjacka Banja"]
[Date "2022.09.29"]
[Round "10.19"]
[White "Ter-Sahakyan, Samvel"]
[Black "Predojevic, Borki"]
[Result "1/2-1/2"]
[ECO "B77"]
[WhiteElo "2630"]
[BlackElo "2584"]
[Annotator "TA"]
[PlyCount "39"]
[EventDate "2022.09.20"]
[EventType "team-tourn"]
[EventCountry "SRB"]
[SourceTitle "playchess.com"]
[Source "ChessBase"]
[SourceQuality "1"]
[TimeControl "40/5400+30:1800+30"]

1. e4 c5 2. Nf3 Nc6 3. d4 cxd4 4. Nxd4 g6 5. Nc3 Bg7 6. Be3 Nf6 7. Bc4 O-O 8. Bb3 d6 9. f3 Qa5 10. Qd2 Nxd4 11. Bxd4 Be6 12. O-O-O b5 13. Kb1 b4 14. Nd5 Bxd5 15. exd5 Qb5 $1 {[%emt 0:00:07] B77: Sicilian Dragon: Yugoslav Attack, 9 Bc4 sidelines.} 16. Rhe1 a5 $1 {[%emt 0:01:13] [#] ...a4 is the strong threat. The position is equal.} 17. Qd3 ({Not} 17. Rxe7 $2 a4 18. Qd3 (18. c4 $2 bxc3 19. Qxc3 axb3 $19) 18... Qxd3 19. Rxd3 axb3 20. cxb3 Rfb8 $19) 17... Qxd3 18. cxd3 a4 19. Bc4 {[%emt 0:02:50] [#]} Rab8 $146 ({Predecessor:} 19... Rfe8 20. Bb5 Reb8 21. Bc6 Ra5 22. Rxe7 Nxd5 23. Ra7 Bxd4 24. Rxa5 Ne3 25. Rc1 a3 26. bxa3 bxa3+ {1-0 (48) Moranda,W (2601)-Klekowski,M (2509) Poland 2018}) 20. Rxe7 {[%emt 0:05:19] An even fight not without its subleties.  Weighted Error Value: White=0.09 (flawless) /Black=0.01 (flawless)} 1/2-1/2